 Dungeon Crawl Stone Soup version 0.27.1-33-g824d729ab1 (webtiles) character file.

Game seed: 11635606774538442147

438 13raion the Chopper (level 6, -3/87 HPs)
             Began as a Minotaur Berserker on Dec 2, 2021.
             Was a Priest of Trog.
             Slain by an iguana (9 damage)
             ... on level 5 of the Dungeon.
             The game lasted 00:06:47 (3564 turns).

13raion the Chopper (Minotaur Berserker)            Turns: 3564, Time: 00:06:49

Health: -3/87      AC:  7    Str: 23    XL:     6   Next: 69%
Magic:  5/5        EV: 10    Int:  4    God:    Trog [***...]
Gold:   107        SH:  5    Dex: 10    Spells: 5/5 levels left

rFire    . . .     SeeInvis .   a - +1 hand axe
rCold    . . .     Faith    .   (no shield)
rNeg     . . .     Spirit   .   f - +0 scale mail
rPois    .         Reflect  +   (helmet restricted)
rElec    .         Harm     .   (no cloak)
rCorr    .         Rampage  .   j - +0 pair of gloves
Will     ++...                  (no boots)
Stlth    ..........             g - amulet of reflection
HPRegen  1.24/turn              (no ring)
MPRegen  0.09/turn              (no ring)

@: berserking, strong-willed (expiring), regenerating (expiring), very quick
A: horns 2, retaliatory headbutt
a: Renounce Religion, Berserk, Trog's Hand


You were on level 5 of the Dungeon.
You worshipped Trog.
Trog was most pleased with you.
You visited 1 branch of the dungeon, and saw 5 of its levels.

You collected 107 gold pieces.

Inventory:

Hand Weapons
 a - a +1 hand axe (weapon)
Armour
 b - a +0 animal skin
 f - a +0 scale mail (worn)
 j - a +0 pair of gloves (worn)
Jewellery
 g - an amulet of reflection (around neck)
 l - an amulet of reflection
Scrolls
 e - a scroll of enchant weapon
Potions
 c - a potion of haste {unknown}
 i - a potion of heal wounds {unknown}
 k - 2 potions of berserk rage
 m - a potion of invisibility {unknown}
 n - 3 potions of might {unknown}


   Skills:
 + Level 6.5 Fighting
 + Level 7.2 Axes
 - Level 2.4 Armour
 - Level 2.1 Dodging
 - Level 1.0 Shields


You had 5 spell levels left.
You didn't know any spells.
Your spell library was empty.

Dungeon Overview and Level Annotations

Branches:
Dungeon (4/15)
 Temple: D:4-7

Altars:
Fedhas
Zin

Annotations:
D:5 Sigmund


Innate Abilities, Weirdness & Mutations

You have a pair of horns on your head.
You reflexively headbutt those who attack you in melee.


Message History

You feel strong-willed. The adder closely misses you.
The adder bites you but does no damage. You block the adder's attack.
The wyvern skeleton bites you!
* * * LOW HITPOINT WARNING * * *
The jelly closely misses you. The adder barely misses you.
You furiously retaliate!
You headbutt the adder!
You kill the adder!
Trog accepts your kill. The jelly closely misses you. You furiously retaliate!
You headbutt the jelly!
You feel yourself speed up.
Okay, then.
The jelly hits you but does no damage.
You feel the effects of Trog's Hand fading.
The jelly closely misses you.
You hear some strange, mumbled words.
A puff of flame appears from out of thin air!
The puff of flame hits you!
* * * LOW HITPOINT WARNING * * *
A magic dart appears from out of thin air!
The magic dart hits you.
* * * LOW HITPOINT WARNING * * *
Okay, then.
You feel better. The jelly hits you but does no damage. The iguana bites you!
Something hits you.
* * * LOW HITPOINT WARNING * * *
Something freezes you.
* * * LOW HITPOINT WARNING * * *
The jelly barely misses you.
You feel better.
You recover from your berserk rage.
The jelly hits you.
You are splashed with acid!
* * * LOW HITPOINT WARNING * * *
You block the iguana's attack. The jelly barely misses you.
A red film seems to cover your vision as you go berserk!
You feel yourself moving faster!
You feel mighty! Something hits you!
* * * LOW HITPOINT WARNING * * *
Something freezes you.
* * * LOW HITPOINT WARNING * * *
The jelly hits you but does no damage. The iguana bites you!
You die...

.##..######†..#####
..##..# #.......#
.....[.# ##......#
.### ..# #......#
.. ... #......# .
### #......#
#..{...# #...Jl.#
#..ZJ@.# ########


You could see an iguana, 2 jellies and a wyvern skeleton.

Vanquished Creatures
  A bullfrog (D:4)
  A wyvern skeleton (D:5)
  A centaur zombie (D:5)
  An orc priest (D:4)
  A hound (D:5)
  15 gnolls
  3 adders
  A worm (D:4)
  A dart slug (D:3)
  4 orcs (D:4)
  4 endoplasms
  2 giant cockroaches
  7 goblins
  3 hobgoblins
  3 jackals (D:3)
  3 quokkas
  3 ball pythons
  5 bats
  4 frilled lizards
  2 kobolds (D:2)
  4 rats
69 creatures vanquished.

Vanquished Creatures (others)
  A plant (D:1)
1 creature vanquished.

Grand Total: 70 creatures vanquished

Notes
Turn   | Place    | Note
-------+----------+-------------------------------------------
     0 | D:1      | 13raion the Minotaur Berserker began the quest for the Orb.
     0 | D:1      | Reached XP level 1. HP: 19/19 MP: 0/0
   367 | D:1      | Reached skill level 4 in Axes
   374 | D:1      | Reached XP level 2. HP: 27/27 MP: 1/1
   634 | D:1      | Found a faded altar of an unknown god.
   971 | D:2      | Reached ** piety under Trog
   972 | D:2      | Reached XP level 3. HP: 17/34 MP: 2/2
  1240 | D:2      | Reached skill level 5 in Fighting
  1240 | D:2      | Reached XP level 4. HP: 35/42 MP: 3/3
  1582 | D:2      | Reached skill level 5 in Axes
  1995 | D:2      | Reached XP level 5. HP: 13/50 MP: 4/4
  1998 | D:2      | HP: 2/50 [gnoll (12)]
  2694 | D:3      | Reached skill level 1 in Shields
  2777 | D:3      | Found a blossoming altar of Fedhas.
  2861 | D:3      | Found a glowing silver altar of Zin.
  2861 | D:3      | Noticed an angel
  3306 | D:4      | Reached *** piety under Trog
  3307 | D:4      | Reached skill level 6 in Axes
  3307 | D:4      | Reached XP level 6. HP: 50/57 MP: 5/5
  3370 | D:4      | You fall into a shaft and drop 1 floor!
  3370 | D:5      | Entered Level 5 of the Dungeon
  3408 | D:5      | Reached skill level 7 in Axes
  3526 | D:5      | Noticed Sigmund
  3564 | D:5      | Slain by an iguana

Illustrated notes

Levels and vault maps discovered:
D:1:      eino_arrival_water_star, layout_loops_ring, serial_forest,
          infiniplex_forest_clump_small, infiniplex_forest_lined_2,
          infiniplex_forest_straight_1, infiniplex_forest_lined_room_2,
          infiniplex_forest_lined_3_way, infiniplex_forest_clump_medium,
          infiniplex_forest_zigzag_1, infiniplex_forest_clump_double,
          shapermc_ecumenical_altar_hornbeckon, minmay_split_cup_small
D:2:      layout_basic, chequers_serial_rivers_room_a
D:3:      layout_loops_ring, mainiacjoe_overflow_tiny_flanked, zin_angel,
          corner_web_ring
D:4:      layout_basic, mainiacjoe_overflow_concentric_impassable,
          nicolae_wu_jian_wuxing_cycle, minmay_temple_entry_large_hall,
          gup_sewer_entry_pipe, gammafunk_ghost_grave, columned_hall_lemuel
D:5:      layout_rooms, vehumet_crystals, kennysheep_potato,
          uniq_crazy_yiuf_cottage, uniq_sigmund

Skill      XL: |  1  2  3  4  5  6 |
---------------+-------------------+-----
Fighting       | 4 5 6 |  6.5
Axes           | 4 5 6 7 |  7.2
Shields        | 1 |  1.0
Armour         | |  2.4
Dodging        | |  2.1

Action                   |  1- 3 |  4- 6 || total
-------------------------+-------+-------++-------
Melee: Hand axe          |    44 |   102 ||   146
       Headbutt          |     8 |    20 ||    28
Invok: Berserk           |     2 |     2 ||     4
       Trog's Hand       |       |     1 ||     1
  Use: Scroll            |       |     4 ||     4
       Potion            |       |     3 ||     3
Armor: Animal skin       |     6 |       ||     6
       Scale mail        |     2 |    39 ||    41
Dodge: Dodged            |    38 |    56 ||    94
Block: Other             |     6 |    38 ||    44
       Reflection        |     1 |     1 ||     2
